 Dungeon Crawl Stone Soup version 0.30.0-29-ga12c61a403 (webtiles) character file.

Game seed: 12738268821098750323

26 benadryl the Magician (level 3, -1/25 HPs)
             Began as a Djinni Ice Elementalist on June 4, 2023.
             Slain by Terence
             ... wielding a +0 flail
              (12 damage)
             ... on level 2 of the Dungeon.
             The game lasted 00:01:26 (1435 turns).

benadryl the Magician (Djinni Ice Elementalist)     Turns: 1435, Time: 00:01:26

Health: -1/25      AC:  2    Str:  7    XL:     3   Next: 22%
Gold:   37         EV: 12    Int: 18    God:
                   SH:  0    Dex: 13

rFire   + + .        (no weapon)
rCold   x . .        (no shield)
rNeg    . . .        a - +0 robe
rPois   ∞            (no helmet)
rElec   .            (no cloak)
rCorr   .            (no gloves)
SInv    .            (boots unavailable)
Will    .....        (no amulet)
Stlth   ++           (no ring)
HPRegen 0.24/turn    (no ring)
MPRegen 0.00/turn

%: infuse magic (-2 HP)
@: freezing walls, flying, very slightly contaminated
A: sickness immunity, fire resistance 2, cold vulnerability 1, float, innate
caster, HP casting, extra vitality 1
a: no special abilities


You were on level 2 of the Dungeon.
You visited 1 branch of the dungeon, and saw 2 of its levels.

You collected 37 gold pieces.

Inventory:

Armour
 a - a +0 robe (worn)
Scrolls
 c - a scroll of fear {unknown}
 e - a scroll of identify {unknown}
 f - a scroll of poison {unknown}
 i - 2 scrolls of amnesia {unknown}
Potions
 b - a potion of attraction {unknown}
 d - a potion of curing {@q1}
 g - a potion of magic {unknown}
 h - a potion of heal wounds {unknown}


   Skills:
 - Level 2.1 Dodging
 - Level 1.5 Stealth
 * Level 4.0 Spellcasting


You knew the following spells:

 Your Spells              Type           Power      Damage    Failure   Level
a - Freeze                Ice            72%        1d8       2%          1
b - Frozen Ramparts       Ice            36%        1d6       9%          3
c - Ozocubu's Armour      Ice            18%        N/A       9%          3
d - Summon Ice Beast      Ice/Summ       18%        N/A       28%         4
e - Foxfire               Conj/Fire      72%        2x1d7     2%          1
Your spell library was empty.

Dungeon Overview and Level Annotations

Branches:
Dungeon (2/15)

Altars:

Annotations:
D:2 Terence


Innate Abilities, Weirdness & Mutations

You are immune to sickness and miasma.
You are immune to poison.
Your flesh is very heat resistant. (rF++)
You are vulnerable to cold. (rC-)
You float through the air rather than walking.
You learn spells naturally, not from books.
Your magical power is your life essence.
You have superior vitality. (+4 MHP)


Message History

Things that are here:
a +0 club; a +0 sling
Found a robe and 3 stones.
i - 2 scrolls labelled LIUHOENKIE
Okay, then.
Search for what [Enter for "."]? .
You see here a rat corpse.
Found an escape hatch in the ceiling.
There is an escape hatch in the ceiling here.
A goblin comes into view. It is wielding a +0 dagger.
The goblin shouts!
A goblin is nearby!
Terence the Incautious comes into view.
He is wielding a +0 flail and wearing a +2 chain mail of positive energy.
Terence shouts!
Terence hits you with a +0 flail!
You are too injured to fight recklessly!
You are too injured to fight recklessly!
You are too injured to fight recklessly!
Casting: Freeze (safe; 2% risk of failure)
Confirm with . or Enter, or press ? or * to list all spells.
Casting: Frozen Ramparts (quite dangerous; 9% risk of failure)
Press: ? - help, Dir - look around, f - activate You miscast Frozen Ramparts.
You are very lightly contaminated with residual magic.
Nothing appears to happen.
Terence closely misses you.
Casting: Frozen Ramparts (quite dangerous; 9% risk of failure)
Confirm with . or Enter, or press ? or * to list all spells.
Casting: Frozen Ramparts (quite dangerous; 9% risk of failure)
Press: ? - help, Dir - look around, f - activate The walls around you are covered in ice.
* * * LOW HITPOINT WARNING * * *
The wall freezes Terence but does no damage.
Terence drinks a potion.
Terence flickers and vanishes!
Deactivating autopickup; reactivate with Ctrl-A.
The wall freezes the goblin.
The goblin hits you with a +0 dagger.
* * * LOW HITPOINT WARNING * * *
It was a potion of curing.
You feel better.
The wall freezes something but does no damage.
Something hits you!
You die...

### ###################
#.###..................
...<..###.#####.#######
#.#######.# #.#
#.#####.#.# #.#
..........#####.########
..#####.........@{.....#
### ##.......##g####.# #
#.####.## #.# # #.# #.#
#.# # #.# #. # #.. # #.#
#...###.... # #.#
#..#.#.# #.# # #.#
#...... .# #### #.#
#..#..######.


You could see a goblin.

Vanquished Creatures
  3 ball pythons
  2 bats (D:1)
  An endoplasm (D:2)
  4 goblins
  2 hobgoblins (D:1)
  2 quokkas (D:1)
  3 kobolds (D:1)
  6 rats
23 creatures vanquished.

Notes
Turn   | Place    | Note
-------+----------+-------------------------------------------
     0 | D:1      | benadryl the Djinni Ice Elementalist began the quest for
                  | the Orb.
     0 | D:1      | benadryl set off with the following spells memorised:
                  | Freeze, Frozen Ramparts, Ozocubu's Armour, Summon Ice
                  | Beast.
     0 | D:1      | Reached XP level 1. HP: 15/15 MP: 0/0
   282 | D:1      | Reached XP level 2. HP: 14/21 MP: 0/0
   944 | D:1      | Reached XP level 3. HP: 19/25 MP: 0/0
   944 | D:1      | Learned a level 1 spell: Foxfire
  1375 | D:2      | Reached skill level 4 in Spellcasting
  1431 | D:2      | Noticed Terence
  1435 | D:2      | Slain by Terence

Illustrated notes

Levels and vault maps discovered:
D:1:      dpeg_arrival_subterranean_lakeside_camping, layout_loops_corners
D:2:      layout_loops_ring, chequers_serial_rivers_small_b,
          minmay_heptomino_l4, uniq_terence, uniq_sigmund

Skill      XL: |  1  2  3 |
---------------+----------+-----
Spellcasting   | 4 |  4.0
Dodging        | |  2.1
Stealth        | |  1.5

Action                     || total
---------------------------++-------
  Melee: Unarmed           ||    93
         Punch             ||     2
   Cast: Freeze            ||    25
         Frozen Ramparts   ||     1
    Use: Potion            ||     1
   Stab: Sleeping          ||     5
 Armour: Robe              ||    19
  Dodge: Dodged            ||    66
